Construct Infanterie Kompanie
Selects Luftwaffe Battlegroup
Selects Luftwaffe Pioneer Support
Infanterie Officer Quarters
Selects LG40 Recoilless Gun Paradrop
Construct Panzergrenadier Kompanie
LG40 Recoilless Gun Paradrop
Selects Stuka Strafing Run
Selects Fallschirmjäger Squad Paradrop
Fallschirmjäger Squad Paradrop
Fallschirmjäger Squad Paradrop
Construct Panzer Kompanie
Pak 40 Anti-tank Gun Team
Selects Infantry Reserves